 Dungeon Crawl Stone Soup version 0.29-a0-284-gf9362112df (webtiles) character file.

Game seed: 5904922961963128433

254 spaghetti the Cudgeller (level 6, -5/61 (62) HPs)
             Began as an Ogre Berserker on Mar 31, 2022.
             Was a Believer of Trog.
             Slain by a gnoll
             ... wielding a +0 halberd
              (12 damage)
             ... on level 4 of the Dungeon.
             The game lasted 00:04:51 (3283 turns).

spaghetti the Cudgeller (Ogre Berserker)            Turns: 3283, Time: 00:04:51

HP:   -5/61 (62)    AC:  5    Str: 30    XL:     6   Next: 15%
MP:   6/6           EV: 10    Int:  8    God:    Trog [**....]
Gold: 53            SH:  0    Dex:  8    Spells: 5/5 levels left

rFire   + . .      SeeInvis .   n - +12 dagger of Addus {vorpal, rF+ Will- rCorr, short}
rCold   . . .      Faith    .   (no shield)
rNeg    . . .      Spirit   .   b - +0 animal skin
rPois   .          Reflect  .   (helmet restricted)
rElec   .          Harm     .   p - +1 cloak
rCorr   +          Rampage  .   (gloves unavailable)
Will    .....                   (boots unavailable)
Stlth   +.........              (no amulet)
HPRegen 0.20/turn               h - +6 ring of strength
MPRegen 0.10/turn               (no ring)

@: on berserk cooldown, flying, slowed, lightly drained, very slow
A: large, unfitting armour, tough skin 1
a: Renounce Religion, Berserk, Trog's Hand


You were on level 4 of the Dungeon.
You worshipped Trog.
Trog was pleased with you.
You visited 1 branch of the dungeon, and saw 4 of its levels.

You collected 53 gold pieces.


Innate Abilities, Weirdness & Mutations

You are too large for most types of armour.
You have tough skin. (AC +1)


   Skills:
 - Level 4.0 Fighting
 - Level 2.9 Short Blades
 + Level 4.9 Maces & Flails
 - Level 1.3 Throwing
 - Level 2.6 Dodging


You had 5 spell levels left.
You didn't know any spells.
Your spell library contained the following spells:

 Spells                   Type           Power      Damage    Failure   Level
 Animate Skeleton         Necr           0%         N/A       41%         1
 Magic Dart               Conj           0%         1d3       41%         1
 Pain                     Necr           0%         1d4       41%         1
 Call Imp                 Summ           0%         N/A       54%         2
 Ensorcelled Hibernation  Hex/Ice        0%         N/A       54%         2
 Passwall                 Tmut/Erth      0%         N/A       54%         2
 Conjure Flame            Conj/Fire      0%         6-21      78%         3
 Ignite Poison            Fire/Tmut/Pois 0%         N/A       78%         3
 Mephitic Cloud           Conj/Pois/Air  0%         N/A       78%         3
 Swiftness                Air            0%         N/A       78%         3
 Vampiric Draining        Necr           0%         2d6       78%         3
 Sticky Flame             Conj/Fire      0%         2d3       99%         4
 Alistair's Intoxication  Tmut/Pois      0%         N/A       100%        5
 Borgnjor's Vile Clutch   Necr/Erth      0%         N/A       100%        5
 Eringya's Noxious Bog    Tmut/Pois      0%         N/A       100%        6

Inventory:

Hand Weapons
 a - a +0 mace {mace}
 e - a +4 dagger of flaming {short}
   (You took it off a goblin on level 1 of the Dungeon)
 n - the +12 dagger of Addus (weapon) {vorpal, rF+ Will- rCorr, short}
   (You found it on level 2 of the Dungeon)

   It inflicts extra damage upon your enemies.
   rF:        It protects you from fire.
   rCorr:     It protects you from acid and corrosion.
   Will:      It decreases your willpower.
 o - a +4 quarterstaff of chaos {staff}
   (You took it off Crazy Yiuf on level 2 of the Dungeon)
Missiles
 d - 79 stones (quivered) {throwing}
 s - 6 poisoned darts {throwing}
Armour
 b - a +0 animal skin (worn)
 p - a +1 cloak (worn)
   (You took it off Crazy Yiuf on level 2 of the Dungeon)
Jewellery
 h - a +6 ring of strength (left hand)
   (You found it on level 1 of the Dungeon)
 i - a ring of fire
   (You found it on level 2 of the Dungeon)
Scrolls
 c - 2 scrolls of teleportation {unknown}
 g - 2 scrolls of noise {unknown}
 k - a scroll of vulnerability {unknown}
 m - 2 scrolls of identify {unknown}
 r - a scroll of fear {unknown}
Potions
 f - 2 potions of curing {unknown}
 l - a potion of haste {@q3}
 q - a potion of might {unknown}

Dungeon Overview and Level Annotations

Branches:
Dungeon (4/15)
 Temple: D:4-7

Altars:

# ## #. #..
#.##.# ...g.
#..#
..###.g##
#....gg.####
#{gg..#
#@##...#
#..# .......
#.#[ .......
.. .!.......
...
#####....
.... #...
..... #..
#.....


You could see a gnoll shaman and 5 gnolls.


Message History

The orc wizard hits you with a +0 dagger.
The orc wizard gestures at you while chanting.
The puff of flame hits you but does no damage.
A gnoll comes into view. It is wielding a +0 flail.
The orc wizard hits you with a +0 dagger. 😕 HP[-7]
You take 7 damage, and now have 51/62 hp.
You bump into the rock wall.
The gnoll shouts!
The orc wizard hits you but does no damage.
The orc wizard hits you with a +0 dagger. 😕 HP[-2]
You take 2 damage, and now have 49/62 hp.
You puncture the orc wizard!
You kill the orc wizard!
Trog accepts your kill.
Trog appreciates your killing of a magic user.
The orc wizard hits you but does no damage.
A gnoll shaman comes into view. It is wielding a +0 club.
You bump into the rock wall.
The orc hits you with a +1 short sword of draining.
You feel drained. The orc wizard closely misses you.
A gnoll comes into view. It is wielding a +0 halberd.
The orc misses you.
The orc wizard hits you but does no damage. 😕 HP[-3]
You now have 61 max hp (-1).
You take 3 damage, and now have 46/61 hp.
Unknown command.
Unknown command.
You puncture the orc!
You kill the orc!
Trog accepts your kill.
You feel less confused.
The orc wizard points at you and mumbles some strange words.
The magic dart hits you. 😮 HP[-6]
You take 6 damage, and now have 40/61 hp.
You closely miss the hobgoblin. The orc wizard barely misses you.
The hobgoblin barely misses you. 😮 HP[+1]
You puncture the hobgoblin!
You kill the hobgoblin!
Trog accepts your kill.
The orc wizard casts a spell.
The orc wizard flickers and vanishes!
Deactivating autopickup; reactivate with Ctrl-A.
A gnoll comes into view. It is wielding a +0 club.
Something hits you. 😮 HP[-3]
You take 3 damage, and now have 38/61 hp.
The gnoll shouts!
You hit the gnoll shaman. Something hits you but does no damage.
A gnoll comes into view. It is wielding a +0 club.
Unknown command.
The gnoll shouts!
You hit the gnoll shaman.
You hear some strange, mumbled words.
You are confused.
The gnoll barely misses you.
The gnoll shaman invokes the aid of its god against you.
You resist with significant effort.
You closely miss the gnoll shaman. Something hits you.
The gnoll barely misses you.
The gnoll shaman hits you with a +0 club. 😮 HP[-5]
You take 5 damage, and now have 33/61 hp.
You miss the gnoll shaman.
You hear some strange, mumbled words.
A puff of flame appears from out of thin air!
The puff of flame hits you. You resist.
* * * LOW HITPOINT WARNING * * *
The gnoll hits you from afar with a +0 halberd!
* * * LOW HITPOINT WARNING * * *
The gnoll shaman prays to its god.
The gnoll shaman is healed somewhat.
A gnoll comes into view. It is wielding a +0 whip.
The gnoll closely misses you.
The gnoll shaman hits you with a +0 club!
* * * LOW HITPOINT WARNING * * *
Something hits you.
* * * LOW HITPOINT WARNING * * *
😱 HP[-25]
You take 25 damage, and now have 8/61 hp.
MASSIVE DAMAGE!! (PAUSE)
The gnoll shouts!
You hit the gnoll shaman. Something hits you but does no damage.
The gnoll hits you from afar with a +0 halberd.
* * * LOW HITPOINT WARNING * * *
The gnoll shaman barely misses you. 😱 HP[-1]
You take 1 damage, and now have 7/61 hp.
It was a potion of flight.
You feel very buoyant.
You fly up into the air.
You feel less confused. Something hits you but does no damage.
The gnoll hits you from afar with a +0 halberd!
You die...

Skill      XL: |  1  2  3  4 |
---------------+-------------+-----
Maces & Flails | 3 4 |  4.9
Throwing       | 1 |  1.3
Short Blades   | 2 |  2.9
Fighting       | |  4.0
Dodging        | |  2.6

Action                   |  1- 3 |  4- 6 || total
-------------------------+-------+-------++-------
Melee: Mace              |    27 |       ||    27
       Dagger            |    63 |    63 ||   126
       Punch             |     1 |     1 ||     2
Throw: Stone             |    32 |    29 ||    61
Invok: Berserk           |     2 |     1 ||     3
  Use: Potion            |       |     1 ||     1
Armor: Animal skin       |    18 |    25 ||    43
Dodge: Dodged            |    35 |    35 ||    70

Levels and vault maps discovered:
D:1:      minmay_arrival_nine_rooms, layout_loops_ring,
          hellmonk_ecumenical_altar_inner_sanctum, minmay_misc_feat_ornament,
          roderic_serpentine_path
D:2:      layout_basic, uniq_crazy_yiuf_cottage
D:3:      kennysheep_the_goblin_king, layout_basic, uniq_terence
D:4:      kennysheep_goblin_castle, layout_rooms

Notes
Turn   | Place    | Note
-------+----------+-------------------------------------------
     0 | D:1      | spaghetti the Ogre Berserker began the quest for the Orb.
     0 | D:1      | Reached XP level 1. HP: 24/24 MP: 1/1
     0 | D:1      | magus.rc [v1.9.6]
   149 | D:1      | Reached skill level 3 in Maces & Flails
   296 | D:1      | Reached XP level 2. HP: 29/32 MP: 2/2
  1000 | D:1      | Reached XP level 3. HP: 37/39 MP: 3/3
  1483 | D:1      | Found a faded altar of an unknown god.
  1664 | D:2      | Reached skill level 4 in Maces & Flails
  1889 | D:2      | You pick up a book of Necromancy {forbidden} and begin
                  | reading...
  1889 | D:2      | You add the spells Pain, Animate Skeleton and Vampiric
                  | Draining to your library.
  1987 | D:2      | Identified the +12 dagger of Addus {vorpal, rF+ Will-
                  | rCorr}
  2043 | D:2      | Found a runed translucent door.
  2044 | D:2      | Noticed Crazy Yiuf
  2050 | D:2      | Killed Crazy Yiuf
  2051 | D:2      | Reached skill level 1 in Throwing
  2051 | D:2      | Reached XP level 4. HP: 44/48 MP: 4/4
  2252 | D:3      | Noticed Terence
  2258 | D:3      | Killed Terence
  2259 | D:3      | Reached skill level 1 in Short Blades
  2390 | D:3      | Noticed a phantom
  2395 | D:3      | Killed a phantom
  2396 | D:3      | Reached skill level 2 in Short Blades
  2396 | D:3      | Reached XP level 5. HP: 48/54 MP: 5/5
  2534 | D:3      | Reached ** piety under Trog
  2539 | D:3      | You add the spells Alistair's Intoxication, Borgnjor's Vile
                  | Clutch and Eringya's Noxious Bog to your library.
  2572 | D:3      | You pick up a book of Burglary {forbidden} and begin
                  | reading...
  2572 | D:3      | You add the spells Passwall, Ensorcelled Hibernation and
                  | Swiftness to your library.
  2775 | D:3      | You add the spells Conjure Flame, Ignite Poison and Sticky
                  | Flame to your library.
  3029 | D:3      | You pick up a book of Minor Magic {forbidden} and begin
                  | reading...
  3029 | D:3      | You add the spells Magic Dart, Call Imp and Mephitic Cloud
                  | to your library.
  3234 | D:3      | Reached XP level 6. HP: 62/62 MP: 6/6
  3281 | D:4      | HP: 9/61 [gnoll shaman/+0 club (11)]
  3283 | D:4      | Slain by a gnoll

Vanquished Creatures
  A phantom (D:3)
  A hound (D:3)
  Crazy Yiuf (D:2)
  Terence (D:3)
  An orc wizard (D:4)
  A dart slug (D:3)
  4 orcs
  8 endoplasms
  2 giant cockroaches
  12 goblins
  10 hobgoblins
  4 jackals (D:1)
  5 ball pythons
  2 bats (D:2)
  2 frilled lizards (D:3)
  8 kobolds
  2 rats
65 creatures vanquished.

Vanquished Creatures (others)
  A fungus (D:2)
1 creature vanquished.

Grand Total: 66 creatures vanquished

Table legend:
 A = Non-vault XP
 B = Vault XP
 C = Vault XP percentage of total XP
 D = Non-vault monster count
 E = Vault monster count
 F = Vault count percentage of total count
                 A         B        C        D         E       F
            +---------+---------+-------+---------+---------+-------
      Total |     275 |      89 |  24.5 |      56 |       9 |  13.8
            +---------+---------+-------+---------+---------+-------
        D:1 |      44 |       0 |   0.0 |      25 |       0 |   0.0
        D:2 |      13 |      40 |  75.5 |       8 |       1 |  11.1
        D:3 |     175 |      49 |  21.9 |      19 |       8 |  29.6
        D:4 |      43 |       0 |   0.0 |       4 |       0 |   0.0
            +---------+---------+-------+---------+---------+-------

Illustrated notes

Table legend:
 A = Kills in this place as a percentage of kills in entire the game.
 B = Kills by you in this place as a percentage of kills by you in the entire game.
 C = Kills by friends in this place as a percentage of kills by friends in the entire game.
 D = Other kills in this place as a percentage of other kills in the entire game.
 E = Experience gained in this place as a percentage of experience gained in the entire game.
 F = Experience gained in this place divided by the number of levels of this place that you have seen.
                   A       B       C       D       E      F
               +-------+-------+-------+-------+-------+----------------------
         Total | 100.0 | 100.0 |   N/A |   N/A | 100.0 |  91.0
       Dungeon | 100.0 | 100.0 |   N/A |   N/A | 100.0 |  91.0
               +-------+-------+-------+-------+-------+----------------------

Table legend: (Time is in decaauts)
 A = Elapsed time spent in this place.
 B = Non-inter-level travel time spent in this place.
 C = Inter-level travel time spent in this place.
 D = Time resting spent in this place.
 E = Time spent auto-exploring this place.
 F = Levels seen in this place.
 G = Mean time per level.
                   A        B        C        D        E       F      G
               +--------+--------+--------+--------+--------+-----+--------+
         Total |   3300 |   3197 |    103 |    466 |   2326 |   4 |  825.0 |
       Dungeon |   3300 |   3197 |    103 |    466 |   2326 |   4 |  825.0 |
               +--------+--------+--------+--------+--------+-----+--------+

Top non-repeatable levels by time:
     D:1: 1515 daAuts
     D:3: 1038 daAuts
     D:2: 724 daAuts
     D:4: 23 daAuts
